 Dungeon Crawl Stone Soup version 0.32-a0-931-g5a2cda0630 (webtiles) character file.

Game seed: 13071762293531979515

126063 jasper the Fencer (level 16, -1/127 HPs)
             Began as a Demonspawn Reaver on Apr 13, 2024.
             Was an Initiate of Gozag.
             Killed from afar by an eleionoma (46 damage)
             ... with a spray of wooden splinters
             ... on level 4 of the Swamp on Apr 14, 2024.
             The game lasted 01:06:10 (31553 turns).

jasper the Fencer (Demonspawn Reaver)              Turns: 31553, Time: 01:06:11

Health: -1/127     AC: 20    Str: 17    XL:     16   Next: 43%
Magic:  19/19      EV: 14    Int: 22    God:    Gozag
Gold:   5025       SH: 15    Dex: 16    Spells: 15/19 levels left

rFire   + . .        V - +11 Singing Sword {sonic wave}
rCold   . . .        K - +0 kite shield
rNeg    + . .        u - +4 ring mail {rF+}
rPois   +            m - +1 helmet
rElec   .            D - +0 cloak
rCorr   .            g - +1 pair of gloves
SInv    .            (boots unavailable)
Will    +....        F - amulet of regeneration
Stlth   +            a - ring of poison resistance
HPRegen 1.21/turn    C - ring "Ecweofuy" {rN+ Str+3 Int+6}
MPRegen 0.16/turn

%: no passive effects
@: studying 2 skills, very slow
A: hooves 3, thin metallic scales 2, spiny 2, augmentation 1, condensation
shield
a: Renounce Religion, Potion Petition, Call Merchant, Bribe Branch


You were on level 4 of the Swamp.
You worshipped Gozag.
Gozag was greatly pleased with you.
You visited 4 branches of the dungeon, and saw 26 of its levels.
You also visited: Gauntlet.

You collected 8769 gold pieces.
You spent 1760 gold pieces at shops.
You paid 1984 gold pieces to Gozag.

Inventory:

Hand Weapons
 i - a +2 scimitar of flaming
 V - the +11 Singing Sword (weapon) {sonic wave}
   (You found it on level 13 of the Dungeon)
Missiles
 e - 5 curare-tipped darts
 k - 5 silver javelins
 w - 32 boomerangs (quivered)
 z - 21 javelins
 U - 3 throwing nets
Armour
 g - a +1 pair of gloves (worn)
 m - a +1 helmet (worn)
 u - a +4 ring mail of fire resistance (worn)
 D - a +0 cloak (worn)
 K - a +0 kite shield (worn)
 L - a +2 scale mail of fire resistance
Jewellery
 a - a ring of poison resistance (left hand)
 b - the ring "Uzeasym" {rElec rPois rC- MP+9 Str+2}
   (You found it on level 5 of the Lair of Beasts)

   [ring of magical power]

   Str+2:     It affects your strength (+2).
   rC-:       It makes you vulnerable to cold.
   rElec:     It insulates you from electricity.
   rPois:     It protects you from poison.
   MP+9:      It affects your magic capacity (+9).
 j - a ring of see invisible
 y - a ring of positive energy
 C - the ring "Ecweofuy" (right hand) {rN+ Str+3 Int+6}
   (You acquired it on level 5 of the Dungeon)

   [ring of intelligence]

   Str+3:     It affects your strength (+3).
   Int+6:     It affects your intelligence (+6).
   rN+:       It protects you from negative energy.
 F - an amulet of regeneration (around neck)
 R - a ring of resist corrosion
 X - a ring of protection from fire
 Z - an amulet of reflection
Talismans
 d - a beast talisman
Wands
 c - a wand of iceblast (13)
 f - a wand of charming (14)
 p - a wand of flame (53)
 H - a wand of polymorph (10)
 I - a wand of digging (7)
 M - a wand of quicksilver (9)
 Y - a wand of mindburst (11)
Scrolls
 h - 4 scrolls of vulnerability
 l - 4 scrolls of enchant weapon
 r - a scroll of butterflies
 s - 4 scrolls of revelation
 v - a scroll of identify
 E - 2 scrolls of poison
 N - 8 scrolls of immolation
 O - 4 scrolls of enchant armour
 Q - a scroll of torment
 T - 2 scrolls of teleportation
 W - 2 scrolls of fear
Potions
 n - a potion of might
 o - 5 potions of attraction
 q - 4 potions of lignification
 t - 5 potions of brilliance
 x - 4 potions of curing
 A - 7 potions of mutation
 B - a potion of resistance
 G - 2 potions of magic
 J - 4 potions of haste
 P - 2 potions of cancellation
 S - a potion of ambrosia


   Skills:
 - Level 11.6 Fighting
 - Level 16.0 Long Blades
 - Level 4.3 Throwing
 - Level 10.0 Armour
 - Level 10.0 Dodging
 - Level 10.3 Shields
 - Level 2.0 Spellcasting
 - Level 3.0 Conjurations
 + Level 9.2 Summonings
 - Level 1.4 Necromancy
 + Level 8.5 Air Magic
 - Level 2.7 Evocations


You had 15 spell levels left.
You knew the following spells:

 Your Spells              Type           Power      Damage    Failure   Level
b - Summon Lightning Spi  Summ/Air       41%        N/A       12%         4

Your spell library contained the following spells:

 Spells                   Type           Power      Damage    Failure   Level
 Static Discharge         Conj/Air       54%        3-6/arc   6%          2
 Magic Dart               Conj           60%        1d6       13%         1
 Airstrike                Air            19%        2d(3-19)  14%         4
 Kiss of Death            Conj/Necr      44%        2d8       19%         1
 Searing Ray              Conj           30%        2d5       21%         2
 Momentum Strike          Conj/Tloc      16%        3d8       36%         2
 Freeze                   Ice            8%         1d3       41%         1
 Jinxbite                 Hex            4%         N/A       56%         2
 Fugue of the Fallen      Necr           8%         N/A       58%         3
 Hailstorm                Conj/Ice       8%         3d5       58%         3
 Frozen Ramparts          Ice            4%         1d1       80%         3
 Inner Flame              Hex/Fire       2%         N/A       80%         3
 Ozocubu's Armour         Ice            2%         N/A       80%         3
 Teleport Other           Tloc           2%         N/A       80%         3
 Summon Cactus Giant      Summ           21%        N/A       85%         6
 Summon Forest            Summ/Tloc      11%        N/A       88%         5
 Summon Mana Viper        Hex/Summ       22%        N/A       88%         5
 Flame Wave               Conj/Fire      8%         2d5       94%         4
 Fulminant Prism          Conj/Alch      4%         3d5       94%         4
 Sticky Flame             Fire/Alch      2%         2d4       99%         4
 Yara's Violent Unravell  Hex/Alch       1%         3d3       100%        5
 Conjure Ball Lightning   Conj/Air       13%        3x3d6     100%        6
 Dispersal                Tloc           1%         N/A       100%        6
 Gell's Gavotte           Tloc           1%         2d(11-17) 100%        6
 Enfeeble                 Hex            1%         N/A       100%        7
 Manifold Assault         Tloc           1%         N/A       100%        7
 Discord                  Hex            1%         N/A       100%        8
 Disjunction              Tloc           1%         N/A       100%        8


Dungeon Overview and Level Annotations

Branches:
Dungeon (15/15)            Temple (0/1) D:4            Lair (5/5) D:9
  Swamp (4/4) Lair:3        Snake (0/4) Lair:2        Slime (0/5) Lair:4
    Orc (2/2) D:9             Elf (0/3) Orc:2        Vaults (0/5) D:13
 Depths (0/4) D:15        Gauntlet (visited)

Altars:
Fedhas
Gozag
Makhleb
Nemelex Xobeh
Okawaru
Qazlal
Ru
Trog
Uskayaw
Vehumet
Wu Jian
Xom
Yredelemnul

Shops:
D:4 (   D:10 =   Orc:2 :[[

Annotations:
D:9 1 runed translucent door, Doorstop00's ghost, journeyman GrFi
Lair:4 exclusion: oklob plant
Swamp:1 2 transporters, Biggs's ghost, journeyman CoHu
Swamp:2 2 transporters, scarr's ghost, adept MDAl


Innate Abilities, Weirdness & Mutations

You have hooves in place of feet.
You are mostly covered in thin metallic scales. (AC +3)
You are mostly covered in sharp spines.
Your magical and physical power is slightly enhanced at high health.
A meltable shield of frost defends you. (SH +4)


Message History

The eleionoma is lightly wounded.
The eleionoma hurls a spray of splinters at you.
The spray of wooden splinters hits you.
You take 4 damage, and have 61/127 hp.
You slice the eleionoma!!
You kick the eleionoma, but do no damage.
The eleionoma is heavily wounded.
You regained 2 hp, and now have 63/127 hp.
You slice the eleionoma!! Your kick misses the eleionoma.
The eleionoma is severely wounded.
The swamp worm bites you!
The eleionoma touches a tree and draws upon its vitality.
The eleionoma is healed.
You take 15 damage, and have 48/127 hp.
You hit the eleionoma.
You kick the eleionoma, but do no damage.
The eleionoma is lightly wounded.
The swamp worm is struck by your spines.
The swamp worm barely misses you. The eleionoma is struck by your spines.
The eleionoma closely misses you.
You slice the eleionoma!! You kick the eleionoma.
The eleionoma is heavily wounded.
You block the swamp worm's attack. The eleionoma is struck by your spines.
The eleionoma hits you.
You take 3 damage, and have 46/127 hp.
You enter the shallow water.
Moving in this stuff is going to be slow.
The swamp worm fires a harpoon shot at you.
The harpoon shot hits you but does no damage.
The eleionoma hurls a spray of splinters at you.
The spray of wooden splinters hits you.
Things that are here:
33 gold pieces; a +0 spear You take 3 damage, and have 43/127 hp.
Your unstable footing causes you to fumble your attack.
You block the swamp worm's attack.
The eleionoma hurls a spray of splinters at you.
The spray of wooden splinters hits you!!!
You die...
Your body crumbles into a pile of gold.

♣♣♣♣♣♣♣
~..~~.~♣♣♣
~~~~~~..)♣
~~.~$$~?<♣♣ ♣♣♣
~~♣~~♣♣♣$$♣..~♣
♣~~~~.@..~~~♣
♣.=♣♣Rw~.~~~.♣
♣ ♣....♣.~.~
~~$$..~§..
.~~$~..~~~^
~~~~~~~.~~~.
~~~...~~~.~~~
~~~§...~~~..~.
~~.~§~~~~~~~.♣


You could see an eleionoma and a swamp worm.

Vanquished Creatures
  A tentacled monstrosity (Swamp:2)
  2 fenstrider witches (Swamp:3)
  A stone giant (D:15)
  5 bunyips
  The ghost of Jikhlise the Carver, a journeyman CoAl of Makhleb (D:11)
  Azrael (D:12)
  A minotaur (Gauntlet)
  5 eleionomae
  A nameless horror (D:12)
  2 shambling mangroves
  A yaktaur captain (D:10)
  5 hydras
  A vault guard (D:13)
  Harold (D:9)
  5 centaur warriors
  A ghost crab (Swamp:1)
  4 catoblepae
  11 alligators
  4 two-headed ogres
  7 boulder beetles
  A dancing weapon (D:13)
  11 death yaks (Lair:5)
  4 tengu warriors (D:15)
  A deep troll shaman (Lair:5)
  4 orc high priests (Orc:2)
  4 skeletal warriors (D:14)
  Amaemon (Lair:3)
  A goliath frog (Swamp:2)
  A skyshark (Lair:2)
  2 spriggan druids
  6 swamp dragons
  A lindwurm (Lair:5)
  2 bog bodies
  2 orc knights
  An obsidian bat (Orc:2)
  A salamander (Lair:2)
  3 orc sorcerers
  Maurice (D:9)
  8 cyclopes
  5 will-o-the-wisps (Swamp:3)
  3 manticores
  A cyclops (shapeshifter) (Lair:1)
  4 kobold blastminers (Orc:2)
  6 meliai
  19 elephants
  Joseph (Lair:1)
  6 black mambas
  A torpor snail (Lair:5)
  2 gargoyles
  16 cane toads
  2 unseen horrors (D:12)
  An orange demon (Lair:3)
  A komodo dragon (shapeshifter) (D:15)
  4 rime drakes
  3 kobold demonologists
  10 komodo dragons
  6 trolls
  2 tyrant leeches
  9 blink frogs
  3 polar bears
  5 dream sheep
  10 hornets
  A raiju (Lair:4)
  A slime creature (Lair:2)
  11 spriggans
  4 wraiths
  A shadow (D:12)
  4 vampires
  6 wyverns
  A wyvern (shapeshifter) (D:15)
  5 fire elementals (D:12)
  41 yaks
  5 basilisks
  3 fire bats (D:5)
  A steam dragon (D:8)
  A hog (shapeshifter) (D:14)
  A warg (shapeshifter) (D:14)
  4 wargs
  A neqoxec (Gauntlet)
  3 chaos spawn (Gauntlet)
  10 vampire mosquitoes
  14 swamp worms
  2 acid dragons (D:12)
  3 hell hounds (D:12)
  12 water moccasins
  A swamp drake (Swamp:2)
  2 ice beasts (D:7)
  2 sky beasts (D:7)
  3 laughing skulls
  9 orc warriors
  7 black bears
  17 wolves
  7 ogres
  9 centaurs
  A phantom (D:5)
  2 kobold brigands
  4 scorpions
  17 bullfrogs
  2 gnoll sergeants
  3 wights
  8 killer bees (D:8)
  2 howler monkeys
  2 electric eels (Lair:2)
  3 lava snakes (Lair:2)
  2 hounds
  4 jellies (Lair:2)
  19 orc priests
  3 bombardier beetles
  22 orc wizards
  5 iguanas
  14 hell rats
  7 gnolls
  6 adders
  2 shadow imps
  2 white imps (D:5)
  A ribbon worm (D:3)
  3 dart slugs
  35 orcs
  2 ball pythons
  4 bats
  20 endoplasms
  A giant cockroach (D:3)
  5 goblins
  9 hobgoblins
  3 quokkas
  2 frilled lizards (D:3)
  12 kobolds
  7 rats
661 creatures vanquished.

Vanquished Creatures (others)
  A bloated husk (Swamp:1)
  A shadow (D:10)
  A spriggan (Swamp:1)
  8 foxfires (Swamp:3)
11 creatures vanquished.

Grand Total: 672 creatures vanquished

Notes
Turn   | Place    | Note
-------+----------+-------------------------------------------
     0 | D:1      | jasper the Demonspawn Reaver began the quest for the Orb.
     0 | D:1      | Reached XP level 1. HP: 16/16 MP: 3/3
   347 | D:1      | Gained mutation: You have large cloven feet. [demonic
                  | ancestry]
   347 | D:1      | Reached XP level 2. HP: 14/14 MP: 1/5
   795 | D:2      | Found an opulent altar of Gozag.
   807 | D:2      | Became a worshipper of Gozag Ym Sagoz the Greedy
  1037 | D:3      | Noticed a bombardier beetle
  1040 | D:3      | Killed a bombardier beetle
  1041 | D:3      | Gained mutation: A meltable shield of frost defends you.
                  | (SH +4) [demonic ancestry]
  1041 | D:3      | Reached XP level 3. HP: 4/15 MP: 3/6
  1723 | D:2      | Gained mutation: You are partially covered in thin metallic
                  | scales. (AC +2) [demonic ancestry]
  1723 | D:2      | Reached XP level 4. HP: 17/17 MP: 7/7
  2084 | D:2      | Reached skill level 3 in Long Blades
  2252 | D:3      | Noticed a centaur
  2263 | D:3      | Killed a centaur
  2264 | D:3      | Reached skill level 1 in Armour
  2264 | D:3      | Reached XP level 5. HP: 15/36 MP: 8/8
  2797 | D:3      | Found a burning altar of Makhleb.
  2797 | D:3      | Noticed a balrug
  2799 | D:3      | Noticed a smoke demon
  2799 | D:3      | Noticed a hellwing
  3613 | D:4      | Gained mutation: You are partially covered in sharp spines.
                  | [demonic ancestry]
  3613 | D:4      | Reached XP level 6. HP: 47/49 MP: 9/9
  3646 | D:4      | Reached skill level 5 in Fighting
  4033 | D:4      | Found Kisuhedd's Weapon Shop.
  4065 | D:4      | Found a staircase to the Ecumenical Temple.
  4120 | D:4      | Found an iron altar of Okawaru.
  4443 | D:4      | Reached XP level 7. HP: 55/56 MP: 10/10
  4565 | D:5      | Entered Level 5 of the Dungeon
  4637 | D:5      | Found a transporter.
  4652 | D:5      | Found a basalt altar of Yredelemnul.
  4669 | D:5      | Identified a scroll of acquirement
  4669 | D:5      | Acquired the ring "Ecweofuy" {rN+ Str+3 Int+6}
  4732 | D:5      | Reached skill level 1 in Throwing
  5145 | D:5      | Found a sparkling altar of Nemelex Xobeh.
  5162 | D:5      | Found a radiant altar of Vehumet.
  5480 | D:5      | Found a transporter.
  6057 | D:5      | Noticed a fire bat
  6057 | D:5      | Noticed a fire bat
  6057 | D:5      | Noticed a fire bat
  6062 | D:5      | Killed a fire bat
  6063 | D:5      | Reached XP level 8. HP: 64/64 MP: 11/11
  6239 | D:6      | Reached skill level 1 in Shields
  6685 | D:6      | Reached skill level 5 in Dodging
  6931 | D:7      | Gained mutation: You are mostly covered in thin metallic
                  | scales. (AC +3) [demonic ancestry]
  6931 | D:7      | Reached XP level 9. HP: 63/71 MP: 12/12
  7022 | D:7      | Found an opulent altar of Gozag.
  7105 | D:7      | Reached skill level 5 in Armour
  7297 | D:8      | Found a hide-covered altar of Uskayaw.
  7437 | D:8      | Found an ornate altar of the Wu Jian Council.
  7461 | D:8      | Noticed a manticore
  7493 | D:8      | Killed a manticore
  8136 | D:9      | Found a staircase to the Orcish Mines.
  8515 | D:9      | Found a staircase to the Lair.
  8516 | D:9      | Noticed a two-headed ogre
  8581 | D:9      | Killed a two-headed ogre
  8582 | D:9      | Gained mutation: You are mostly covered in sharp spines.
                  | [demonic ancestry]
  8582 | D:9      | Reached XP level 10. HP: 22/80 MP: 13/13
  8899 | D:9      | Identified the ring "Qefuisch" {MP+9 Dex+2}
  8922 | D:9      | Found a bloodstained altar of Trog.
  9022 | D:9      | Noticed Maurice
  9043 | D:9      | Found a runed translucent door.
  9091 | D:9      | Noticed Doorstop00's ghost (journeyman GrFi)
  9092 | D:9      | Noticed a cyclops
  9216 | D:9      | Maurice stole 3 javelins
  9219 | D:9      | Maurice stole a ring of magical power
  9224 | D:9      | Maurice stole 294 gold
  9228 | D:9      | Killed Maurice
  9229 | D:9      | Reached skill level 5 in Shields
  9467 | D:10     | Entered Level 10 of the Dungeon
  9747 | D:10     | Found a blossoming altar of Fedhas.
  9925 | D:10     | Noticed a two-headed ogre
  9930 | D:10     | Noticed a yaktaur captain
  9931 | D:10     | Killed a two-headed ogre
 10059 | D:11     | Found a runed translucent door.
 10063 | D:11     | Noticed Jikhlise's ghost (journeyman CoAl)
 10064 | D:11     | Identified the +1 spear of Discomfort {venom, *Rage rC+++
                  | SInv Stlth+}
 10210 | D:11     | Noticed a gargoyle
 10216 | D:11     | Killed a gargoyle
 10334 | D:11     | Noticed an orange demon
 10342 | D:11     | Noticed a rust devil
 10711 | D:7      | Reached XP level 11. HP: 80/89 MP: 14/14
 10997 | D:7      | Found a stormy altar of Qazlal.
 11473 | Orc:1    | Entered Level 1 of the Orcish Mines
 11473 | Orc:1    | Noticed Harold
 11488 | D:9      | Killed Harold
 11657 | D:10     | Noticed an orc knight
 11665 | D:10     | Noticed a catoblepas
 11666 | D:10     | Killed an orc knight
 11667 | D:10     | Reached skill level 10 in Fighting
 11685 | D:10     | Killed a catoblepas
 12566 | D:10     | Killed a yaktaur captain
 13051 | D:10     | Found Siquihuob's Jewellery Shoppe.
 13060 | D:10     | Bought an amulet of reflection for 480 gold pieces
 13060 | D:10     | Bought a ring of poison resistance for 320 gold pieces
 13448 | D:11     | Noticed a boulder beetle
 13490 | D:11     | Killed a boulder beetle
 14142 | Lair:1   | Entered Level 1 of the Lair of Beasts
 14669 | Lair:1   | Gained mutation: You have hoof-like feet. [demonic
                  | ancestry]
 14669 | Lair:1   | Reached XP level 12. HP: 78/97 MP: 15/15
 14831 | Lair:1   | Noticed Joseph
 14851 | Lair:1   | Killed Joseph
 15449 | Lair:1   | Noticed Urug
 15450 | Lair:1   | Urug changed into Urug the glowing shapeshifter
 15450 | Lair:1   | Noticed Urug
 15451 | Lair:1   | Urug the glowing shapeshifter changed into Urug the swamp
                  | dragon
 15451 | Lair:1   | Noticed Urug (glowing shapeshifter)
 15455 | Lair:1   | Urug the swamp dragon changed into Urug the black bear
 15455 | Lair:1   | Noticed Urug (glowing shapeshifter)
 15459 | Lair:1   | Urug the black bear changed into Urug the redback
 15459 | Lair:1   | Noticed Urug (glowing shapeshifter)
 15460 | Lair:1   | Urug the redback changed into Urug the cyclops
 15460 | Lair:1   | Noticed Urug (glowing shapeshifter)
 15470 | Lair:1   | Killed Urug the cyclops
 15933 | Lair:2   | Found a staircase to the Snake Pit.
 15988 | Lair:2   | Reached skill level 10 in Dodging
 16128 | Lair:2   | Noticed a catoblepas
 16150 | Lair:2   | Reached skill level 10 in Armour
 16866 | Lair:2   | Reached skill level 10 in Shields
 16915 | Lair:2   | Killed a catoblepas
 16916 | Lair:2   | Reached skill level 4 in Long Blades
 17401 | Lair:3   | Reached skill level 5 in Long Blades
 17506 | Lair:3   | You fall into a shaft and drop 1 floor!
 17571 | Lair:4   | Reached skill level 6 in Long Blades
 17617 | Lair:4   | Reached XP level 13. HP: 103/103 MP: 16/16
 17659 | Lair:4   | Reached skill level 7 in Long Blades
 17666 | Lair:4   | Found a staircase to the Slime Pits.
 17738 | Lair:4   | Noticed Sonja
 17749 | Lair:4   | Sonja changed into Sonja the raiju
 17749 | Lair:4   | Noticed Sonja
 17767 | Lair:4   | Killed Sonja the raiju
 17800 | Lair:4   | Reached skill level 8 in Long Blades
 18009 | Lair:4   | Found a sacrificial altar of Ru.
 18596 | Lair:3   | Found a staircase to the Swamp.
 18693 | Lair:3   | Noticed Amaemon
 18725 | Lair:3   | Killed Amaemon
 18738 | Lair:3   | Reached skill level 9 in Long Blades
 19400 | Lair:5   | Entered Level 5 of the Lair of Beasts
 19502 | Lair:4   | Reached skill level 10 in Long Blades
 19842 | Lair:5   | Reached skill level 11 in Long Blades
 20354 | Lair:5   | Reached skill level 12 in Long Blades
 20363 | Lair:5   | Gained mutation: Your magical and physical power is
                  | slightly enhanced at high health. [demonic ancestry]
 20363 | Lair:5   | Reached XP level 14. HP: 80/110 MP: 17/17
 20764 | Lair:5   | Reached skill level 13 in Long Blades
 20919 | Lair:5   | Identified the ring "Uzeasym" {rElec rPois rC- MP+9 Str+2}
 21643 | Orc:1    | You fall into a shaft and drop 1 floor!
 21643 | Orc:2    | Entered Level 2 of the Orcish Mines
 21651 | Orc:2    | Found a staircase to the Elven Halls.
 21998 | Orc:2    | Reached skill level 14 in Long Blades
 22358 | Orc:2    | Reached skill level 1 in Evocations
 24015 | Orc:2    | Found Len Opla's Armour Boutique.
 24015 | Orc:2    | Found Rynlaoj's Book Shop.
 24016 | Orc:2    | Found Noc Ewk's Antique Armour Shop.
 24020 | Orc:2    | Found Muyj's Jewellery Boutique.
 24024 | Orc:2    | Bought a book of the Wilderness for 570 gold pieces
 24024 | Orc:2    | Bought a book of Storms for 390 gold pieces
 24029 | Orc:2    | Learned a level 4 spell: Summon Lightning Spire
 24424 | D:12     | Reached skill level 1 in Necromancy
 24424 | D:12     | Reached skill level 1 in Air Magic
 24524 | D:12     | Identified the +4 scale mail of Kustom {Dex+3}
 24558 | D:12     | Reached skill level 1 in Summonings
 24779 | D:12     | Noticed Azrael
 25291 | D:13     | Reached XP level 15. HP: 112/120 MP: 18/18
 25402 | D:13     | Found the +11 Singing Sword {sonic wave}
 25512 | D:13     | Found a gate to the Vaults.
 25543 | D:13     | Identified the +0 robe of the Garden {rN++}
 25725 | D:13     | Identified the +2 hand axe "Cerue" {venom, *Noise Will+++
                  | Int-4}
 26126 | D:14     | Identified the +8 quarterstaff of the Feeding Fool {flame,
                  | *Slow rN++ rCorr}
 26542 | D:14     | You fall into a shaft and drop 1 floor!
 26542 | D:15     | Entered Level 15 of the Dungeon
 26924 | D:15     | Found a gate leading to a gauntlet.
 26936 | Gauntlet | Entered a Gauntlet
 26936 | Gauntlet | Found a transporter.
 26943 | Gauntlet | Found a transporter.
 26945 | Gauntlet | Found a transporter.
 26958 | Gauntlet | Found a transporter.
 26959 | Gauntlet | Found a transporter.
 26967 | Gauntlet | Found a transporter.
 26983 | Gauntlet | Found a transporter.
 26994 | Gauntlet | Found a transporter.
 27005 | Gauntlet | Found a transporter.
 27015 | Gauntlet | Found a runed translucent door.
 27017 | Gauntlet | Found a runed translucent door.
 27019 | Gauntlet | Found a transporter.
 27019 | Gauntlet | Found a transporter.
 27036 | Gauntlet | Found a transporter.
 27044 | Gauntlet | Found a transporter.
 27091 | Gauntlet | Found a transporter.
 27118 | Gauntlet | Reached skill level 15 in Long Blades
 27195 | Gauntlet | Identified the amulet "Perara Voill" {Spirit Dex+3}
 27429 | D:15     | Found an ornate altar of the Wu Jian Council.
 27853 | D:15     | Found a staircase to the Depths.
 27863 | D:15     | Reached skill level 16 in Long Blades
 28440 | D:12     | Killed Azrael
 28754 | D:11     | Killed Jikhlise's ghost
 29000 | Swamp:1  | Entered Level 1 of the Swamp
 29061 | Swamp:1  | Reached skill level 5 in Summonings
 29073 | Swamp:1  | Reached skill level 5 in Air Magic
 29618 | Swamp:1  | Found a transporter.
 29622 | Swamp:1  | Noticed Biggs's ghost (journeyman CoHu)
 29622 | Swamp:1  | Noticed a thorn hunter
 29629 | Swamp:1  | Noticed a thorn hunter
 29643 | Swamp:1  | Found a transporter.
 30004 | Swamp:2  | Found a transporter.
 30112 | Swamp:2  | Noticed a tentacled monstrosity
 30123 | Swamp:2  | Killed a tentacled monstrosity
 30124 | Swamp:2  | Gained mutation: You have hooves in place of feet. [demonic
                  | ancestry]
 30124 | Swamp:2  | Reached XP level 16. HP: 126/127 MP: 19/19
 30322 | Swamp:2  | Found a shimmering altar of Xom.
 30426 | Swamp:2  | Found a transporter.
 30431 | Swamp:2  | Noticed scarr's ghost (adept MDAl)
 30926 | Swamp:3  | Paralysed by a fenstrider witch for 3 turns
 31311 | Swamp:4  | Entered Level 4 of the Swamp
 31399 | Swamp:3  | Paralysed by a fenstrider witch for 5 turns
 31553 | Swamp:4  | Killed from afar by an eleionoma

Illustrated notes

Levels and vault maps discovered:
D:1:      minmay_arrival_four_circles, layout_loops_ring
D:2:      layout_basic, basic_altar
D:3:      minmay_door_path, layout_loops_ring, makhleb_altar_promises_db,
          kennysheep_generic_room_2
D:4:      layout_basic, elyvilon_altar_1,
          hellmonk_okawaru_the_only_friend_you_need,
          minmay_temple_entry_statues_pillars, serial_shops,
          nicolae_shop_back_alley_shop, hex_large
D:5:      gammafunk_cloud_chamber, layout_layer_cave, jmf_multi_god_temple2,
          yredelemnul_altar_generic
D:6:      layout_rooms
D:7:      layout_cave_pods, amcnicky_altar_gilded, zin_treasury,
          mainiacjoe_overflow_concentric_impassable,
          nicolae_kite_square_tiling_tiny, reono_crystal_passage,
          minmay_fractal_squares_diagonal_5
D:8:      layout_rooms, mainiacjoe_overflow_tiny_flanked, lemuel_tele_altar,
          amcnicky_mini_pool_small, chequers_serial_rivers_room_b
D:9:      layout_gridville, trog_book, dpeg_oklobed_lair,
          minmay_orc_entry_guard_dogs, ebering_ghost_inner_flame,
          nrook_mini_vaults, uniq_maurice
D:10:     layout_gridville, mainiacjoe_overflow_alcove_4, serial_shops,
          kennysheep_little_box, nicolae_doodle_vault
D:11:     layout_loops_corners, ebering_ghost_funeral_grove
D:12:     kennysheep_spiral_hall, layout_rooms, uniq_azrael
D:13:     layout_loops_ring, erik_vaults_1
D:14:     layout_loops_ring
D:15:     grunt_enter_depths_snipers, layout_stronghold, small_statue_alley_a,
          gauntlet_entry_generic, minivault_27, nicolae_wu_jian_glorious_leap
Lair:1:   layout_chaotic_city, st_stairs_11, grunt_forest_small_clearings,
          chequers_serial_rivers_room_b, dreamdust_mushroom_princess, uniq_urug,
          uniq_joseph
Lair:2:   lemuel_slime, layout_long_grid, nicolae_snake_entry_warm_welcome,
          serial_bayou_pond_b, st_stairs_11, nicolae_lair_grove_arrangements,
          serial_bayou_pond_e
Lair:3:   layout_roguey, swamp_mist, uniq_amaemon
Lair:4:   wander_river, layout_misc_corridors, slime_entry_1,
          lemuel_oklob_altar, uniq_sonja
Lair:5:   grunt_lair_end_beastmaster, layout_regular_city, grunt_megastairs_3
Swamp:1:  nicolae_swamp_wrong_neighborhood, layout_basic_swamp,
          gammafunk_ghost_arena, nicolae_swamp_little_swirl, swamp_pool_4,
          hangedman_swamp_blocks
Swamp:2:  layout_basic_swamp, gammafunk_ghost_mausoleum, lemuel_altar_in_water
Swamp:3:  layout_basic_swamp, evilmike_swamp_ruin_house_6,
          nicolae_swamp_wisp_ring_woods
Swamp:4:  nzn_swamp_witches_coven, layout_basic_swamp
Orc:1:    layout_caves, uniq_harold
Orc:2:    st_orc_mages, layout_caves

Skill      XL: |  1  2  3  4  5  6  7  8  9 10 11 12 13 14 15 16 |
---------------+-------------------------------------------------+-----
Fighting       | 4 5 6 8 9 10 11 | 11.6
Long Blades    | 3 6 12 14 16 | 16.0
Armour         | 1 2 3 4 6 7 9 10 | 10.0
Dodging        | 2 3 5 6 7 9 10 | 10.0
Throwing       | 4 |  4.3
Shields        | 2 4 6 8 10 | 10.3
Evocations     | 2 |  2.7
Necromancy     | 1 |  1.4
Air Magic      | 3 6 8 |  8.5
Summonings     | 3 7 9 |  9.2
Spellcasting   | |  2.0
Conjurations   | |  3.0

Action                     |  1- 3 |  4- 6 |  7- 9 | 10-12 | 13-15 | 16-18 || total
---------------------------+-------+-------+-------+-------+-------+-------++-------
  Melee: Falchion          |    24 |       |       |       |       |       ||    24
         Kick              |     5 |    45 |    97 |   427 |   789 |    44 ||  1407
         Dagger            |    13 |   175 |   293 |   982 |   322 |       ||  1785
         Unarmed           |       |       |       |    13 |       |       ||    13
         Long sword        |       |       |       |       |  1002 |       ||  1002
         Double sword      |       |       |       |       |   339 |   112 ||   451
         Scimitar          |       |       |       |       |     5 |     6 ||    11
  Throw: Stone             |     2 |     1 |       |       |       |       ||     3
         Dart              |       |     5 |     5 |     1 |       |       ||    11
         Boomerang         |       |       |     2 |     4 |    30 |     8 ||    44
   Cast: Kiss of Death     |     9 |       |       |       |       |       ||     9
 Invoke: Potion Petition   |       |       |     1 |     1 |     2 |     1 ||     5
  Evoke: Wand              |       |       |     1 |    38 |     9 |       ||    48
    Use: Scroll            |       |    10 |     4 |    10 |    12 |     2 ||    38
         Potion            |       |     1 |     4 |     2 |     6 |       ||    13
   Stab: Sleeping          |     1 |       |       |       |       |       ||     1
         Distracted        |       |       |     1 |       |     5 |     2 ||     8
         Petrified         |       |       |       |     7 |    22 |       ||    29
         Petrifying        |       |       |       |     1 |     1 |       ||     2
 Armour: Leather armour    |     5 |       |       |       |       |       ||     5
         Ring mail         |     2 |    36 |       |   164 |   880 |   123 ||  1205
         Scale mail        |       |    44 |   210 |   249 |       |       ||   503
         Skin              |       |       |       |    16 |       |       ||    16
  Dodge: Dodged            |    19 |    60 |   136 |   267 |   522 |    50 ||  1054
  Block: Other             |     2 |    23 |     9 |     1 |       |       ||    35
         Buckler           |       |       |   115 |    45 |       |       ||   160
         Kite shield       |       |       |       |   809 |  1232 |    87 ||  2128
         Reflection        |       |       |       |    11 |       |       ||    11

Table legend: (Time is in decaauts)
 A = Elapsed time spent in this place.
 B = Non-inter-level travel time spent in this place.
 C = Inter-level travel time spent in this place.
 D = Time resting spent in this place.
 E = Time spent auto-exploring this place.
 F = Levels seen in this place.
 G = Mean time per level.
                   A        B        C        D        E       F      G
               +--------+--------+--------+--------+--------+-----+--------+
         Total |  31504 |  30023 |   1481 |   4929 |  17058 |  27 | 1166.8 |
       Dungeon |  18545 |  17596 |    949 |   2984 |  10838 |  15 | 1236.3 |
          Lair |   7363 |   7016 |    347 |    622 |   3576 |   5 | 1472.6 |
         Swamp |   2666 |   2551 |    115 |    121 |   1782 |   4 |  666.5 |
  Orcish Mines |   2568 |   2499 |     69 |   1201 |    691 |   2 | 1284.0 |
      Gauntlet |    361 |    361 |      0 |      0 |    170 |   1 |  361.0 |
               +--------+--------+--------+--------+--------+-----+--------+

Top non-repeatable levels by time:
    D:10: 2112 daAuts
   Orc:2: 2077 daAuts
     D:9: 1960 daAuts
  Lair:5: 1890 daAuts
     D:5: 1652 daAuts
  Lair:1: 1613 daAuts
  Lair:2: 1595 daAuts
    D:11: 1558 daAuts
     D:3: 1426 daAuts
     D:2: 1304 daAuts
  Lair:4: 1228 daAuts
     D:7: 1152 daAuts
    D:15: 1099 daAuts
     D:8: 1082 daAuts
    D:12: 1044 daAuts
